 Dungeon Crawl Stone Soup version 0.31-a0-986-g5e6e4ef867 (webtiles) character file.

Game seed: 11792979576467730430

39359 wingedge the Arsonist (level 13, -1/104 HPs)
             Began as a Demigod Earth Elementalist on Nov 10, 2023.
             Slain by an ettin
             ... wielding a +0 dire flail
              (29 damage)
             ... on level 2 of the Orcish Mines.
             The game lasted 00:49:42 (22679 turns).

wingedge the Arsonist (Demigod Earth Elementalist) Turns: 22679, Time: 00:49:42

Health: -1/104     AC: 15    Str: 13    XL:     13   Next: 34%
Magic:  29/38      EV: 10    Int: 41    God:
Gold:   1292       SH:  5    Dex: 14    Spells: 6/28 levels left

rFire   + + .        w - +7 whip of Execution {protect, rN+ MP+9 Int+3}
rCold   . . .        (no shield)
rNeg    + . .        a - +6 scale mail "Caffis" {Int+3}
rPois   .            (no helmet)
rElec   .            L - scarf {rC+ rF+}
rCorr   .            B - +0 pair of gloves
SInv    .            (no boots)
Will    +....        N - amulet of reflection
Stlth   +            b - ring of fire
HPRegen 0.37/turn    J - +6 ring of intelligence
MPRegen 0.26/turn

%: reflection
@: no status effects
A: high MP 1, forlorn, divine attributes
a: no special abilities


You were on level 2 of the Orcish Mines.
You visited 3 branches of the dungeon, and saw 17 of its levels.

You collected 1292 gold pieces.

Inventory:

Hand Weapons
 h - a +3 long sword of holy wrath
 w - the +7 whip of Execution (weapon) {protect, rN+ MP+9 Int+3}
   (You found it on level 5 of the Dungeon)

   Int+3:     It affects your intelligence (+3).
   rN+:       It protects you from negative energy.
   MP+9:      It affects your magic capacity (+9).
Missiles
 l - 3 curare-tipped darts
Armour
 a - the +6 scale mail "Caffis" (worn) {Int+3}
   (You found it on level 7 of the Dungeon)

   Int+3:     It affects your intelligence (+3).
 g - a +0 robe of willpower
 B - a +0 pair of gloves (worn)
 K - a +1 robe of positive energy
 L - a scarf of resistance (worn)
 Q - a +0 kite shield
 S - a +3 ring mail of willpower
Magical Staves
 e - a staff of earth
 R - a staff of poison
Jewellery
 b - a ring of fire (left hand)
 v - a ring of positive energy
 F - a ring of magical power
 I - a ring of protection from cold
 J - a +6 ring of intelligence (right hand)
 N - an amulet of reflection (around neck)
 Z - a ring of protection from fire
Wands
 i - a wand of flame (54)
 x - a wand of polymorph (2)
 y - a wand of roots (20)
 M - a wand of acid (19)
 U - a wand of paralysis (2)
Scrolls
 c - 3 scrolls of blinking
 j - 5 scrolls of amnesia
 k - 3 scrolls of enchant armour
 n - 3 scrolls of vulnerability
 o - 13 scrolls of teleportation
 q - 5 scrolls of immolation
 s - 4 scrolls of poison
 u - a scroll of butterflies
 A - 7 scrolls of revelation
 D - 2 scrolls of fog
 H - a scroll of brand weapon
 O - a scroll of silence {unknown}
 T - a scroll of fear
 V - a scroll of enchant weapon {unknown}
Potions
 d - 6 potions of curing
 f - 4 potions of berserk rage {unknown}
 m - 2 potions of magic
 p - 4 potions of invisibility
 r - a potion of heal wounds {unknown}
 t - a potion of brilliance {unknown}
 z - 5 potions of attraction {unknown}
 C - a potion of resistance {unknown}
 E - 5 potions of haste
 G - 3 potions of ambrosia {unknown}
 P - 2 potions of might {unknown}
 W - a potion of cancellation {unknown}
 X - a potion of degeneration {unknown}
 Y - a potion of mutation {unknown}


   Skills:
 + Level 6.7 Fighting
 + Level 8.6 Armour
 - Level 3.0 Dodging
 - Level 1.7 Stealth
 - Level 5.0 Shields
 - Level 8.0 Spellcasting
 - Level 10.0 Conjurations
 - Level 0.8 Transmutations
 + Level 10.8 Fire Magic
 - Level 5.0 Ice Magic
 + Level 6.1 Earth Magic


You had 6 spell levels left.
You knew the following spells:

 Your Spells              Type           Power      Damage    Failure   Level
a - Sandblast             Erth           100%       2d20      1%          1
b - Stone Arrow           Conj/Erth      100%       3d13      1%          3
c - Ozocubu's Armour      Ice            55%        N/A       2%          3
d - Lee's Rapid Deconstr  Erth           30%        3d16*     17%         5
f - Fireball              Conj/Fire      50%        3d20      3%          5
p - Iskenderun's Battles  Conj           78%        2d13      3%          5

Your spell library contained the following spells:

 Spells                   Type           Power      Damage    Failure   Level
 Sticky Flame             Conj/Fire      100%       2d11      1%          4
 Passwall                 Tmut/Erth      37%        N/A       2%          2
 Brom's Barrelling Bould  Conj/Erth      70%        2d8       2%          4
 Ignite Poison            Fire/Tmut/Pois 64%        N/A       4%          3
 Necrotise                Necr           64%        1d7       8%          1
 Summon Small Mammal      Summ           64%        N/A       8%          1
 Cigotuvi's Dreadful Rot  Necr/Pois/Air  32%        N/A       11%         2
 Petrify                  Tmut/Erth      45%        N/A       17%         4
 Vampiric Draining        Necr           16%        2d7       22%         3
 Animate Armour           Summ/Erth      82%        N/A       22%         4
 Freezing Cloud           Conj/Ice/Air   27%        6-21      26%         5
 Summon Lightning Spire   Summ/Air       16%        N/A       58%         4
 Conjure Ball Lightning   Conj/Air       27%        3x3d8     82%         6
 Agony                    Necr           16%        N/A       90%         5
 Summon Forest            Summ/Tloc      8%         N/A       90%         5
 Summon Mana Viper        Hex/Summ       16%        N/A       90%         5
 Simulacrum               Ice/Necr       18%        N/A       99%         6
 Summon Cactus Giant      Summ           8%         N/A       100%        6
 Orb of Destruction       Conj           39%        9d11      71%         7
 Ignition                 Fire           51%        3d14      99%         8
 Ozocubu's Refrigeration  Ice            27%        4d13      100%        7
 Polar Vortex             Ice            27%        12d3*     100%        9


Dungeon Overview and Level Annotations

Branches:
Dungeon (10/15)            Temple (0/1) D:7            Lair (5/5) D:8
  Swamp (0/4) Lair:2       Spider (0/4) Lair:2        Slime (0/5) Lair:4
    Orc (2/2) D:10
    Elf: Orc:2

Shops:
D:2 *

Annotations:
D:2 dig for store
Lair:2 1 runed translucent door, dingleboss's ghost, journeyman TeVM


Innate Abilities, Weirdness & Mutations

You have an increased reservoir of magic. (+10% MP)
You shall have no god before yourself.
Your divine heritage dramatically boosts your attributes as you level up.


Message History

You see here 2 large rocks.
There is a stone staircase leading up here.
You climb upwards.
There is a stone staircase leading down here.
You start resting.
Magic restored.
You climb downwards.
You block the ettin's attack.
The ettin hits you with a +0 dire flail!!
The ettin hits you with a +0 dire flail.
The ettin misses you.
There is a stone staircase leading up, spattered with blood here.
Casting: Fireball (dangerous; 3% risk of failure)
Confirm with . or Enter, or press ? or * to list all spells.
Aiming: Stone Arrow (safe; 1% risk of failure)
Press: ? - help, Shift-Dir - straight line, f - ettin
Aim: an ettin, wielding two +0 dire flails (95% to hit)
The stone arrow hits the ettin!
The ettin is moderately wounded.
The ettin barely misses you.
The ettin hits you with a +0 dire flail!!
Casting: Stone Arrow (safe; 1% risk of failure)
Confirm with . or Enter, or press ? or * to list all spells.
Aiming: Stone Arrow (safe; 1% risk of failure)
Press: ? - help, Shift-Dir - straight line, f/p - ettin
Aim: an ettin, wielding two +0 dire flails (lightly wounded, 95% to hit)
The stone arrow hits the ettin!
The ettin is moderately wounded.
The ettin hits you but does no damage.
The ettin hits you with a +0 dire flail.
Casting: Stone Arrow (safe; 1% risk of failure)
Confirm with . or Enter, or press ? or * to list all spells.
Aiming: Stone Arrow (safe; 1% risk of failure)
Press: ? - help, Shift-Dir - straight line, f/p - ettin
Aim: an ettin, wielding two +0 dire flails (moderately wounded, 95% to hit)
The stone arrow hits the ettin!
The ettin is heavily wounded.
The ettin hits you with a +0 dire flail!!
* * * LOW HITPOINT WARNING * * *
The ettin hits you with a +0 dire flail!!
You die...

.................#........
....#................)))...
###
..........#...#....#........
#.##
...........#......#######...
#..###.#..............## #
##.##...............(###
#...............<....#
#.................C.##
....#............@.##
#.####.............#
#.##..............##
..................#
#..#..............#
#.......)..#......#
##.#....))........##
##.................##
#................##.##


You could see an ettin.

Vanquished Creatures
  An eleionoma (Lair:2)
  2 catoblepae
  3 hydras
  3 death yaks (Lair:5)
  A deep troll shaman (Lair:5)
  Sonja (Lair:1)
  An orc knight (Orc:2)
  A lindwurm (Lair:5)
  2 orc sorcerers (Orc:1)
  A cyclops (Orc:2)
  13 elephants
  8 black mambas
  A torpor snail (Lair:4)
  Jeremiah (D:9)
  12 cane toads
  An unseen horror zombie (D:8)
  Maggie (D:9)
  7 komodo dragons
  4 polar bears
  3 trolls
  A dream sheep (Lair:4)
  18 blink frogs
  Sigmund (D:6)
  A vampire (D:10)
  3 culicivoras (Lair:2)
  A wraith (D:10)
  3 wyverns
  7 yaks
  A steam dragon (D:8)
  4 basilisks
  Grum (D:9)
  4 wargs
  13 water moccasins
  An ice beast (D:3)
  3 sky beasts
  14 orc warriors
  A hornet zombie (D:8)
  5 black bears
  5 ogres
  3 centaurs
  11 wolves
  2 phantoms
  A kobold brigand (D:10)
  Blork the orc (D:6)
  16 bullfrogs
  2 scorpions (D:6)
  8 wights (D:8)
  6 howler monkeys
  3 electric eels
  A jelly (D:6)
  3 centaur zombies (D:8)
  6 hounds
  12 orc priests
  Crazy Yiuf (D:7)
  2 iguanas (D:6)
  Ijyb (D:3)
  11 orc wizards
  12 hell rats
  A killer bee zombie (D:8)
  2 howler monkey zombies (D:8)
  Robin (D:4)
  11 adders
  5 gnolls
  3 white imps
  2 worms (D:4)
  2 dart slugs
  55 orcs
  5 bats
  8 endoplasms
  3 giant cockroaches
  14 goblins
  11 hobgoblins
  2 jackals (D:2)
  17 kobolds
  4 quokkas
  9 ball pythons
  2 frilled lizards
  7 rats
420 creatures vanquished.

Notes
Turn   | Place    | Note
-------+----------+-------------------------------------------
     0 | D:1      | wingedge the Demigod Earth Elementalist began the quest for
                  | the Orb.
     0 | D:1      | Reached XP level 1. HP: 14/14 MP: 5/5
   307 | D:1      | Reached XP level 2. HP: 20/20 MP: 5/7
   991 | D:2      | Reached XP level 3. HP: 26/26 MP: 8/10
  1047 | D:2      | Learned a level 3 spell: Stone Arrow
  1534 | D:2      | Found Kattoul's General Store.
  1550 | D:2      | Reached skill level 1 in Conjurations
  1788 | D:3      | Identified the "Xaef"
  1836 | D:3      | Noticed an ice beast
  2072 | D:3      | Killed an ice beast
  2073 | D:3      | Reached skill level 1 in Fighting
  2073 | D:3      | Reached XP level 4. HP: 6/35 MP: 0/11
  2199 | D:3      | Noticed Ijyb
  2209 | D:3      | Killed Ijyb
  2210 | D:3      | Reached XP level 5. HP: 15/41 MP: 0/12
  3665 | D:4      | Identified the of Tuarar
  3747 | D:4      | Reached XP level 6. HP: 48/48 MP: 8/15
  4575 | D:4      | Noticed Robin
  4835 | D:4      | Killed Robin
  5178 | D:4      | Learned a level 3 spell: Ozocubu's Armour
  5284 | D:5      | Entered Level 5 of the Dungeon
  5378 | D:5      | Noticed a water moccasin
  5382 | D:5      | Killed a water moccasin
  5383 | D:5      | Reached XP level 7. HP: 55/55 MP: 6/16
  5525 | D:5      | Reached skill level 1 in Ice Magic
  5544 | D:5      | Identified the +7 whip of Execution {protect, rN+ MP+9
                  | Int+3}
  6071 | D:5      | Identified the +0 helmet of Honour {-Tele Rampage +Inv
                  | rPois}
  6512 | D:6      | Reached XP level 8. HP: 61/61 MP: 17/18
  6677 | D:6      | Reached skill level 5 in Earth Magic
  6699 | D:6      | Reached skill level 5 in Spellcasting
  6699 | D:6      | Reached skill level 5 in Conjurations
  6760 | D:6      | Noticed Blork the orc
  6765 | D:6      | Killed Blork the orc
  7004 | D:6      | Reached skill level 1 in Fire Magic
  7067 | D:6      | Noticed Sigmund
  7190 | D:6      | Killed Sigmund
  7881 | D:7      | Found a staircase to the Ecumenical Temple.
  7939 | D:7      | Reached skill level 5 in Ice Magic
  8029 | D:7      | Learned a level 5 spell: Fireball
  8073 | D:7      | Found a runed translucent door.
  8074 | D:7      | Noticed Crazy Yiuf
  8080 | D:7      | Killed Crazy Yiuf
  8203 | D:7      | Identified the +6 scale mail "Caffis" {Int+3}
  8338 | D:8      | Reached XP level 9. HP: 69/69 MP: 20/20
  8408 | D:8      | Reached skill level 1 in Armour
  8953 | D:8      | Learned a level 5 spell: Iskenderun's Battlesphere
  8954 | D:8      | Noticed a komodo dragon
  8957 | D:8      | Killed a komodo dragon
  8958 | D:8      | Reached skill level 5 in Fire Magic
  9049 | D:8      | Found a staircase to the Lair.
 10258 | D:9      | Reached XP level 10. HP: 78/78 MP: 21/21
 10366 | D:9      | Noticed Jeremiah
 10374 | D:9      | Killed Jeremiah
 10375 | D:9      | Reached skill level 5 in Armour
 10379 | D:9      | Noticed Maggie
 10384 | D:9      | Killed Maggie
 10385 | D:9      | Reached skill level 5 in Fighting
 10548 | D:9      | Noticed Grum
 10552 | D:9      | Killed Grum
 11221 | D:10     | Entered Level 10 of the Dungeon
 11900 | D:10     | Reached skill level 1 in Shields
 12403 | D:10     | Found a staircase to the Orcish Mines.
 12604 | Lair:1   | Entered Level 1 of the Lair of Beasts
 12825 | Lair:1   | Reached XP level 11. HP: 86/86 MP: 9/23
 13132 | Lair:1   | Noticed Sonja
 13134 | Lair:1   | Killed Sonja
 13135 | Lair:1   | Reached skill level 5 in Shields
 14933 | Lair:2   | Noticed a catoblepas
 14939 | Lair:2   | Killed a catoblepas
 15496 | Lair:2   | Found a runed translucent door.
 15497 | Lair:2   | Noticed dingleboss's ghost (journeyman TeVM)
 15756 | Lair:2   | Noticed an eleionoma
 15761 | Lair:2   | Killed an eleionoma
 15824 | Lair:2   | Found a staircase to the Swamp.
 15950 | Lair:2   | Found a hole to the Spider Nest.
 15953 | Lair:2   | Reached XP level 12. HP: 94/94 MP: 26/26
 18127 | Lair:4   | Noticed a five-headed hydra
 18143 | Lair:4   | Killed a five-headed hydra
 18183 | Lair:4   | Noticed an eight-headed hydra
 18197 | Lair:4   | Killed an eight-headed hydra
 18851 | Lair:4   | Found a staircase to the Slime Pits.
 19371 | Lair:5   | Entered Level 5 of the Lair of Beasts
 19397 | Lair:5   | Learned a level 5 spell: Lee's Rapid Deconstruction
 19496 | Lair:5   | Noticed a five-headed hydra
 19499 | Lair:5   | Killed a five-headed hydra
 19523 | Lair:5   | Reached skill level 10 in Conjurations
 19523 | Lair:5   | Reached skill level 10 in Fire Magic
 20529 | Lair:5   | Reached XP level 13. HP: 73/102 MP: 9/29
 21694 | Orc:1    | Entered Level 1 of the Orcish Mines
 22161 | Orc:2    | Entered Level 2 of the Orcish Mines
 22679 | Orc:2    | Slain by an ettin

Illustrated notes

Levels and vault maps discovered:
D:1:      dpeg_arrival_solitude, layout_loops_ring
D:2:      layout_basic, basic_altar, serial_shops, shop_statue
D:3:      minmay_recursive_quarters, layout_basic,
          nicolae_gozag_cash_rules_everything_around_me,
          nzn_overflow_gifts_of_might_and_magic, old_standard_altar, uniq_ijyb
D:4:      layout_gridville, sigmund_army, uniq_robin
D:5:      layout_gridville, nicolae_qazlal_beasts_of_the_sky, serial_rivers,
          chequers_serial_rivers_large_a, chequers_serial_rivers_marsh,
          chequers_serial_rivers_micro_e, chequers_serial_rivers_micro_d,
          chequers_serial_rivers_micro_e, chequers_serial_rivers_micro_e
D:6:      layout_cave_pools, tgw_xom, kennysheep_opposing_triangles,
          uniq_sigmund, uniq_blork_the_orc
D:7:      layout_rooms, nicolae_overflow_crystal_walls,
          minmay_temple_entry_glass, uniq_crazy_yiuf_cottage
D:8:      layout_gridville, nicolae_yredelemnul_corpse_copse,
          kennysheep_okawaru_gauntlet, mainiacjoe_overflow_catch_the_wave,
          erik_lair_dragon
D:9:      layout_irregular_city, tso_metal_star, chequers_serial_rivers_micro_a,
          uniq_maggie, uniq_jeremiah, uniq_grum
D:10:     layout_cave_pools, nicolae_dithmenos_through_a_glass_darkly,
          david_orc_1_choice
Lair:1:   layout_regular_city, grunt_megastairs_4, uniq_sonja
Lair:2:   layout_gridlike, alex1729_swamp_entry_worm_eleionoma,
          hellmonk_spider_entry_life_and_decay, ebering_ghost_inner_flame,
          basic_altar, st_stairs_6, wad_woods_river_01, serial_bayou_shore_b
Lair:3:   layout_cave_pods, serial_bayou, serial_bayou_lagoon_a,
          serial_bayou_shore_a, serial_bayou_crossing, serial_bayou_pond_e,
          grunt_megastairs_5
Lair:4:   layout_gridlike, slime_entry_1, hangedman_lair_generics_rect,
          lemuel_fruit_tree
Lair:5:   grunt_lair_end_beastmaster, layout_gridlike
Orc:1:    layout_caves, nooodl_orcs_dogs
Orc:2:    grunt_orc_tribal_feast, layout_caves, nicolae_orc_stony_grotto

Skill      XL: |  1  2  3  4  5  6  7  8  9 10 11 12 13 |
---------------+----------------------------------------+-----
Spellcasting   | 2 3 4 5 7 8 |  8.0
Earth Magic    | 3 4 5 6 |  6.1
Conjurations   | 3 4 5 6 7 8 10 | 10.0
Fighting       | 1 2 3 4 5 6 |  6.7
Ice Magic      | 2 5 |  5.0
Fire Magic     | 3 6 8 10 | 10.8
Dodging        | 2 3 |  3.0
Armour         | 4 6 7 8 |  8.6
Shields        | 2 5 |  5.0
Stealth        | |  1.7
Transmutations | |  0.8

Action                     |  1- 3 |  4- 6 |  7- 9 | 10-12 | 13-15 || total
---------------------------+-------+-------+-------+-------+-------++-------
  Melee: Dagger            |     2 |    15 |       |       |       ||    17
         Staff             |       |     7 |       |       |       ||     7
         Whip              |       |       |     4 |    31 |    22 ||    57
         Punch             |       |       |       |     2 |     2 ||     4
         Falchion          |       |       |       |     5 |       ||     5
  Throw: Throwing net      |     1 |       |       |       |       ||     1
   Cast: Sandblast         |    59 |    40 |       |     3 |       ||   102
         Stone Arrow       |     5 |    64 |   155 |   171 |    37 ||   432
         Ozocubu's Armour  |       |     1 |     2 |    10 |     2 ||    15
         Fireball          |       |       |     5 |   120 |    30 ||   155
         Iskenderun's Batt |       |       |     1 |    35 |     7 ||    43
  Evoke: Wand              |       |       |       |     6 |       ||     6
    Use: Scroll            |       |       |     7 |     9 |     1 ||    17
         Potion            |       |       |       |       |     1 ||     1
 Armour: Robe              |    12 |    49 |    43 |    81 |       ||   185
         Scale mail        |       |       |       |    98 |    55 ||   153
  Dodge: Dodged            |    17 |    54 |    19 |    97 |    34 ||   221
  Block: Other             |       |       |       |       |    13 ||    13

Table legend: (Time is in decaauts)
 A = Elapsed time spent in this place.
 B = Non-inter-level travel time spent in this place.
 C = Inter-level travel time spent in this place.
 D = Time resting spent in this place.
 E = Time spent auto-exploring this place.
 F = Levels seen in this place.
 G = Mean time per level.
                   A        B        C        D        E       F      G
               +--------+--------+--------+--------+--------+-----+--------+
         Total |  22808 |  22122 |    686 |   6813 |  12589 |  17 | 1341.6 |
       Dungeon |  13041 |  12600 |    441 |   3597 |   7436 |  10 | 1304.1 |
          Lair |   9028 |   8798 |    230 |   2877 |   4921 |   5 | 1805.6 |
  Orcish Mines |    738 |    723 |     15 |    339 |    231 |   2 |  369.0 |
               +--------+--------+--------+--------+--------+-----+--------+

Top non-repeatable levels by time:
  Lair:1: 2242 daAuts
     D:3: 2069 daAuts
     D:8: 1953 daAuts
  Lair:2: 1774 daAuts
  Lair:5: 1730 daAuts
  Lair:3: 1712 daAuts
  Lair:4: 1569 daAuts
     D:9: 1421 daAuts
     D:4: 1392 daAuts
    D:10: 1313 daAuts
     D:6: 1274 daAuts
     D:5: 1031 daAuts
     D:2: 938 daAuts
     D:1: 934 daAuts
     D:7: 712 daAuts
